 Dungeon Crawl Stone Soup version 0.22-a0-265-g0d8bc90 (webtiles) character file.

14 Klosterheim the Digger (level 2, 0/19 HPs)
             Began as a Formicid Earth Elementalist on Mar 7, 2018.
             Slain by a rat (2 damage)
             ... on level 1 of the Dungeon.
             The game lasted 00:00:45 (484 turns).

Klosterheim the Digger (Formicid Earth Elementalist) Turns: 484, Time: 00:00:46

Health: 0/19       AC:  2    Str: 12    XL:     2   Next: 60%
Magic:  3/5        EV: 12    Int: 14    God:
Gold:   8          SH:  0    Dex: 11    Spells: 4/5 levels left

rFire    . . .     SeeInvis +   e - +2 short sword (holy)
rCold    . . .     Gourm    .   (no shield)
rNeg     . . .     Faith    .   c - +0 robe
rPois    .         Spirit   .   (helmet unavailable)
rElec    .         Reflect  .   (no cloak)
rCorr    .         Harm     .   (no gloves)
MR       .....                  (no boots)
Stlth    ++........             (no amulet)
HPRegen  0.06/turn              (no ring)
MPRegen  0.09/turn              (no ring)

@: no status effects
A: permanent stasis, dig shafts and tunnels, four strong arms, antennae 3
a: Dig, Shaft Self


You were on level 1 of the Dungeon.
You were not hungry.

You visited 1 branch of the dungeon, and saw 1 of its levels.

You collected 8 gold pieces.

Inventory:

Hand Weapons
 e - a +2 short sword of holy wrath (weapon)
Missiles
 b - 43 stones (quivered)
Armour
 c - a +0 robe (worn)
Scrolls
 a - a scroll of identify {unknown}
Comestibles
 d - a ration
 f - 3 chunks of flesh


   Skills:
 - Level 1.7 Dodging
 + Level 2.8 Stealth
 + Level 2.4 Spellcasting
   Level 1.1 Transmutations
 * Level 4.1 Earth Magic


You had 4 spell levels left.
You knew the following spells:

 Your Spells              Type           Power        Failure   Level  Hunger
a - Sandblast             Erth           ##....       4%          1    #......


Dungeon Overview and Level Annotations

Branches:
Dungeon (1/15)

Altars:


Innate Abilities, Weirdness & Mutations

You cannot be hasted, slowed, berserked, paralysed or teleported.
You can dig through walls and to a lower floor.
Your four strong arms can wield two-handed weapons with a shield.
You have a pair of large antennae on your head. (SInv)


Message History

The blast of sand hits the jackal.
You kill the jackal!
b - 44 stones
Casting: Sandblast (safe; 4% risk of failure)
Confirm with . or Enter, or press ? or * to list all spells.
Aiming: Sandblast (safe; 4% risk of failure)
Press: ? - help, Shift-Dir - straight line, f - jackal
Aim: a jackal The blast of sand hits the jackal.
You kill the jackal!
b - 43 stones A goblin comes into view.
The goblin misses you.
Items here: ) †††† a club; a jackal corpse x3; a hobgoblin corpse A ball python comes into view.
The goblin hits you.
* * * LOW HITPOINT WARNING * * *
The rat bites you.
You die...

....##......r..##.####
#..+..............>#
#....r..........#.#
##.####.S.......#.# #S.#
#.........#.# ..!..$.#r#
#.........#.# #.8?8.##.#
#.........#.# ##...##..#
#.........#.# ##.##..##
#g@.......#.# .##.....#
#r........#.# #....###.#
#.........#.#
#........###......[..#.#
#...###...##.##.######.#
#%. #..............#.#
##' #÷÷............#.#
#..............#.#
.####................#


You could see a goblin, a ball python (wandering) and a rat.

Vanquished Creatures
  A dart slug (D:1)
  A leopard gecko (D:1)
  2 hobgoblins (D:1)
  3 jackals (D:1)
  A ball python (D:1)
  A frilled lizard (D:1)
  2 rats (D:1)
11 creatures vanquished.

Notes
Turn   | Place    | Note
-------+----------+-------------------------------------------
     0 | D:1      | Klosterheim the Formicid Earth Elementalist began the quest for the Orb.
     0 | D:1      | Reached XP level 1. HP: 13/13 MP: 3/3
   429 | D:1      | Reached XP level 2. HP: 14/19 MP: 5/5
   433 | D:1      | Reached skill level 4 in Earth Magic
   484 | D:1      | Slain by a rat

Vault maps used:
D:1:      sevenhm_arrival_forest_fort_small_4, minmay_misc_feat_doors,
          minivault_19, minmay_heptomino_w4

Skill      XL: |  1  2 |
---------------+-------+-----
Earth Magic    | 4 |  4.1
Dodging        | |  1.7
Stealth        | |  2.8
Spellcasting   | |  2.4
Transmutations | |  1.1

Action                   || total
-------------------------++-------
Melee: Unarmed           ||     8
       Short sword       ||    12
 Cast: Sandblast         ||     8
 Stab: Sleeping          ||     1
Armor: Robe              ||     3
Dodge: Dodged            ||    11

Table legend:
 A = Spawn XP
 B = Non-spawn XP
 C = Spawn XP percentage of total XP
 D = Spawn monster count
 E = Non-spawn monster count
 F = Spawn count percentage of total count
 G = Total turns spent on level
                    A         B        C        D         E        F      G
               +---------+---------+-------+---------+---------+-------+---------
         Total |       0 |      21 |   0.0 |       0 |      11 |   0.0 |   484
               +---------+---------+-------+---------+---------+-------+---------
           D:1 |       0 |      21 |   0.0 |       0 |      11 |   0.0 |   484
               +---------+---------+-------+---------+---------+-------+---------
